Penguins vs Ducks

Created - January 29 2008 at 19:38

Goals
1 2 3 T
Penguins 1 1 1 3
Ducks 1 0 0 1
Shots
1 2 3 T
Penguins 3 5 8 16
Ducks 11 10 8 29

Period #1

1. Penguins , Christian Backman 3 (Mark Parrish, Marc-Andre Fleury) at 10:26
2. Ducks , Richard Park 3 (Hal Gill, Todd Marchant) at 14:04

Penalties :
Henrik Sedin (ANA) for Tripping (Minor) at 1:48, Kris Draper (PIT) for High sticking (Minor) at 5:59, Mike Fisher (ANA) for Holding (Minor) at 14:33, Manny Malhotra (ANA) for Fighting (Major) at 15:44, Taylor Pyatt (PIT) for Fighting (Major) at 15:44, Bryan Allen (ANA) for Roughing (Minor) at 16:02, Hal Gill (ANA) for Goalie Interference (Minor) at 16:11

Period #2

3. Penguins , Kris Draper 17 (Christian Backman, Mark Parrish) at 2:28

Penalties :
Ben Guite (ANA) for Roughing (Minor) at 0:14, Jarkko Ruutu (PIT) for Slashing (Minor) at 14:45, Todd Marchant (ANA) for Holding (Minor) at 19:07

Period #3

4. Penguins , Sidney Crosby 27 (Mark Bell, Dominic Moore) at 13:57

Penalties :
Scott Hannan (PIT) for High sticking (Minor) at 0:36, Bryan Allen (ANA) for Cross-checking (Minor) at 3:29, Glen Wesley (PIT) for Holding (Minor) at 8:17, Bryan Mccabe (PIT) for Slashing (Minor) at 14:22

Goalie Stats

Marc-Andre Fleury (PIT), 28 saves from 29 shots - (0.966), W, 23-24-5, 60:00 minutes
Ilya Bryzgalov (ANA), 13 saves from 16 shots - (0.813), L, 2-2-0, 60:00 minutes

Players Stats

Penguins
Player Name              G  A  P  +/- PIM S  H  SB FO MP 
-----------------------------------------------------------
Brooks Orpik             0  0  0   2  0   0  3  2  0  14 
Bryan Mccabe             0  0  0  -1  2   3  3  4  0  25 
Christian Backman        1  1  2   2  0   1  0  1  0  17 
Dallas Drake             0  0  0   0  0   1  0  0  2  15 
Dominic Moore            0  1  1   1  0   1  1  0  3  23 
Evgeni Malkin            0  0  0   0  0   3  0  0  18 24 
Glen Wesley              0  0  0   1  2   0  0  0  0  21 
Jarkko Ruutu             0  0  0   0  2   1  0  1  10 26 
Jere Lehtinen            0  0  0   0  0   0  0  0  0  2  
Josef Melichar           0  0  0   1  0   0  2  2  0  22 
Kris Draper              1  0  1   2  2   1  0  0  18 20 
Marian Hossa             0  0  0   0  0   0  0  0  0  0  
Mark Bell                0  1  1   2  0   1  1  0  2  16 
Mark Parrish             0  2  2   2  0   1  0  0  1  13 
Martin Lapointe          0  0  0   0  0   0  0  0  0  11 
Scott Hannan             0  0  0  -1  2   0  1  3  0  24 
Sidney Crosby            1  0  1   0  0   3  2  0  24 23 
Taylor Pyatt             0  0  0  -1  5   0  1  0  0  10 
Ducks
Player Name              G  A  P  +/- PIM S  H  SB FO MP 
-----------------------------------------------------------
Andrew Brunette          0  0  0  -1  0   4  0  0  4  17 
Ben Guite                0  0  0  -1  2   0  2  0  1  16 
Bryan Allen              0  0  0  -1  4   0  2  2  0  24 
Chris Pronger            0  0  0  -1  0   0  1  0  0  22 
Daniel Sedin             0  0  0  -1  0   7  0  0  0  20 
Dean Mcammond            0  0  0  -1  0   0  1  0  2  19 
Francois Beauchemin      0  0  0   0  0   1  1  0  0  23 
Hal Gill                 0  1  1   0  2   0  2  1  0  14 
Henrik Sedin             0  0  0  -1  2   3  1  0  26 21 
Manny Malhotra           0  0  0  -1  5   1  1  0  18 18 
Marek Malik              0  0  0  -1  0   0  0  1  0  16 
Mike Fisher              0  0  0  -1  2   1  1  0  0  20 
Mike Sillinger           0  0  0  -1  0   1  2  0  0  10 
Paul Stastny             0  0  0  -1  0   5  1  1  18 18 
Richard Park             1  0  1   1  0   1  0  0  1  8  
Rob Niedermayer          0  0  0   1  0   2  0  0  1  9  
Scott Niedermayer        0  0  0  -1  0   3  4  1  0  23 
Todd Marchant            0  1  1   1  2   0  0  0  7  8  

3 Stars

1 - Christian Backman (PIT)
2 - Marc-Andre Fleury (PIT)
3 - Kris Draper (PIT)

Power Play

Penguins - 0 on 7 Attempt(s) - 0.00%
Ducks - 0 on 5 Attempt(s) - 0.00%

Penalty Kill

Penguins - 5 on 5 Attempt(s) - 100.00% - Score 0 goal in Penalty Kill
Ducks - 7 on 7 Attempt(s) - 100.00% - Score 0 goal in Penalty Kill

Game Notes

Manny Malhotra and Taylor Pyatt fight to a draw at 15:44 of 1st period

Finance

Level 1 -- Attendance: 3780 (63.00%) -- Ticket Income $378,000.00
Level 2 -- Attendance: 3651 (87.47%) -- Ticket Income $219,060.00
Level 3 -- Attendance: 1333 (66.65%) -- Ticket Income $46,655.00
Level 4 -- Attendance: 3596 (89.90%) -- Ticket Income $71,920.00
Luxury Box -- Attendance: 690 (69.00%) -- Ticket Income $138,000.00
Game was played at the Arrowhead Pond
Total Attendance: 13050 (75.99%)
Total Ticket Income: $901,460.80
Other Income: $168,025.20
Total Income: $1,069,486.00


Play by Play

Period #1

0:01 of 1st period - Evgeni Malkin wins face-off versus Henrik Sedin in neutral zone.
0:22 of 1st period - Shot by Daniel Sedin.
0:22 of 1st period - Shot Misses the Net.
0:30 of 1st period - Shot by Daniel Sedin.
0:30 of 1st period - Stopped by Marc-Andre Fleury without a rebound.
0:31 of 1st period - Sidney Crosby wins face-off versus Manny Malhotra in Penguins zone.
0:52 of 1st period - Icing by Ben Guite.
0:53 of 1st period - Manny Malhotra wins face-off versus Kris Draper in Ducks zone.
0:53 of 1st period - Manny Malhotra is hit by Brooks Orpik.
0:56 of 1st period - Icing by Scott Niedermayer.
0:57 of 1st period - Kris Draper wins face-off versus Manny Malhotra in Ducks zone.
0:57 of 1st period - Kris Draper is hit by Scott Niedermayer.
1:14 of 1st period - Icing by Chris Pronger.
1:15 of 1st period - Sidney Crosby wins face-off versus Manny Malhotra in Ducks zone.
1:25 of 1st period - Shot by Dominic Moore.
1:25 of 1st period - Stopped by Ilya Bryzgalov without a rebound.
1:26 of 1st period - Henrik Sedin wins face-off versus Evgeni Malkin in Ducks zone.
1:48 of 1st period - Minor Penalty to Henrik Sedin for Tripping.
1:49 of 1st period - Todd Marchant wins face-off versus Sidney Crosby in Penguins zone.
1:49 of 1st period - Todd Marchant is hit by Josef Melichar.
2:25 of 1st period - Shot by Sidney Crosby.
2:25 of 1st period - Shot Blocked by Bryan Allen.
3:52 of 1st period - Icing by Christian Backman.
3:53 of 1st period - Henrik Sedin wins face-off versus Sidney Crosby in Penguins zone.
3:53 of 1st period - Henrik Sedin is hit by Brooks Orpik.
3:57 of 1st period - Shot by Mike Fisher.
3:57 of 1st period - Stopped by Marc-Andre Fleury with a rebound.
3:59 of 1st period - Shot by Bryan Allen.
3:59 of 1st period - Shot Blocked by Brooks Orpik.
4:01 of 1st period - Shot by Henrik Sedin.
4:01 of 1st period - Stopped by Marc-Andre Fleury without a rebound.
4:02 of 1st period - Paul Stastny wins face-off versus Kris Draper in Penguins zone.
4:24 of 1st period - Shot by Andrew Brunette.
4:24 of 1st period - Stopped by Marc-Andre Fleury without a rebound.
4:25 of 1st period - Henrik Sedin wins face-off versus Jarkko Ruutu in Penguins zone.
5:30 of 1st period - Icing by Sidney Crosby.
5:31 of 1st period - Manny Malhotra wins face-off versus Sidney Crosby in Penguins zone.
5:59 of 1st period - Minor Penalty to Kris Draper for High sticking.
6:00 of 1st period - Paul Stastny wins face-off versus Sidney Crosby in neutral zone.
7:36 of 1st period - Icing by Bryan Allen.
7:37 of 1st period - Paul Stastny wins face-off versus Sidney Crosby in Ducks zone.
7:59 of 1st period - Shot by Rob Niedermayer.
7:59 of 1st period - Stopped by Marc-Andre Fleury with a rebound.
8:05 of 1st period - Shot by Scott Niedermayer.
8:05 of 1st period - Stopped by Marc-Andre Fleury with a rebound.
8:29 of 1st period - Shot by Scott Niedermayer.
8:29 of 1st period - Shot Blocked by Christian Backman.
10:26 of 1st period - Shot by Christian Backman.
10:26 of 1st period - Goal by Christian Backman - Penguins : 1 - Ducks : 0.
10:27 of 1st period - Evgeni Malkin wins face-off versus Paul Stastny in neutral zone.
10:49 of 1st period - Shot by Andrew Brunette.
10:49 of 1st period - Shot Blocked by Bryan Mccabe.
10:54 of 1st period - Shot by Mike Sillinger.
10:54 of 1st period - Stopped by Marc-Andre Fleury without a rebound.
10:55 of 1st period - Sidney Crosby wins face-off versus Manny Malhotra in Penguins zone.
10:57 of 1st period - Icing by Dominic Moore.
10:58 of 1st period - Manny Malhotra wins face-off versus Sidney Crosby in Penguins zone.
11:15 of 1st period - Scott Niedermayer is hit by Mark Bell and loses puck.
11:26 of 1st period - Glen Wesley is hit by Dean Mcammond and loses puck.
14:04 of 1st period - Shot by Richard Park.
14:04 of 1st period - Goal by Richard Park - Penguins : 1 - Ducks : 1.
14:05 of 1st period - Dallas Drake wins face-off versus Henrik Sedin in neutral zone.
14:17 of 1st period - Icing by Bryan Allen.
14:18 of 1st period - Henrik Sedin wins face-off versus Kris Draper in Ducks zone.
14:33 of 1st period - Minor Penalty to Mike Fisher for Holding.
14:34 of 1st period - Dallas Drake wins face-off versus Dean Mcammond in neutral zone.
14:41 of 1st period - Shot by Bryan Mccabe.
14:41 of 1st period - Stopped by Ilya Bryzgalov without a rebound.
14:42 of 1st period - Manny Malhotra wins face-off versus Sidney Crosby in Ducks zone.
15:01 of 1st period - Shot by Glen Wesley.
15:01 of 1st period - Shot Misses the Net.
15:03 of 1st period - Shot by Glen Wesley.
15:03 of 1st period - Shot Misses the Net.
15:05 of 1st period - Shot by Josef Melichar.
15:05 of 1st period - Shot Misses the Net.
15:09 of 1st period - Shot by Sidney Crosby.
15:09 of 1st period - Shot Misses the Net.
15:11 of 1st period - Shot by Josef Melichar.
15:11 of 1st period - Shot Hit the Post.
15:44 of 1st period - Manny Malhotra and Taylor Pyatt fight to a draw.
15:44 of 1st period - Penalty to Manny Malhotra for Fighting.
15:44 of 1st period - Penalty to Taylor Pyatt for Fighting.
15:45 of 1st period - Todd Marchant wins face-off versus Mark Bell in Ducks zone.
16:01 of 1st period - Dominic Moore is hit by Bryan Allen and loses puck.
16:02 of 1st period - Minor Penalty to Bryan Allen for Roughing.
16:03 of 1st period - Evgeni Malkin wins face-off versus Todd Marchant in Ducks zone.
16:08 of 1st period - Shot by Bryan Mccabe.
16:08 of 1st period - Shot Blocked by Hal Gill.
16:11 of 1st period - Minor Penalty to Hal Gill for Goalie Interference.
16:12 of 1st period - Todd Marchant wins face-off versus Evgeni Malkin in Ducks zone.
16:56 of 1st period - Icing by Josef Melichar.
16:57 of 1st period - Sidney Crosby wins face-off versus Henrik Sedin in Penguins zone.
18:16 of 1st period - Shot by Mark Parrish.
18:16 of 1st period - Shot Misses the Net.
19:00 of 1st period - Shot by Paul Stastny.
19:00 of 1st period - Stopped by Marc-Andre Fleury with a rebound.
19:04 of 1st period - Shot by Paul Stastny.
19:04 of 1st period - Stopped by Marc-Andre Fleury without a rebound.
19:05 of 1st period - Jarkko Ruutu wins face-off versus Andrew Brunette in Penguins zone.
19:09 of 1st period - Icing by Bryan Mccabe.
19:10 of 1st period - Andrew Brunette wins face-off versus Jarkko Ruutu in Penguins zone.
19:57 of 1st period - Shot by Richard Park.
19:57 of 1st period - Shot Blocked by Bryan Mccabe.
19:59 of 1st period - Shot by Rob Niedermayer.
19:59 of 1st period - Stopped by Marc-Andre Fleury without a rebound.

Period #2

0:01 of 2nd period - Henrik Sedin wins face-off versus Evgeni Malkin in neutral zone.
0:12 of 2nd period - Shot by Daniel Sedin.
0:12 of 2nd period - Stopped by Marc-Andre Fleury without a rebound.
0:13 of 2nd period - Mark Bell wins face-off versus Henrik Sedin in Penguins zone.
0:13 of 2nd period - Mark Bell is hit by Henrik Sedin.
0:14 of 2nd period - Minor Penalty to Ben Guite for Roughing.
0:15 of 2nd period - Henrik Sedin wins face-off versus Sidney Crosby in Penguins zone.
0:23 of 2nd period - Sidney Crosby is hit by Francois Beauchemin and loses puck.
0:32 of 2nd period - Shot by Josef Melichar.
0:32 of 2nd period - Shot Blocked by Scott Niedermayer.
0:58 of 2nd period - Shot by Jarkko Ruutu.
0:58 of 2nd period - Shot Misses the Net.
2:28 of 2nd period - Shot by Kris Draper.
2:28 of 2nd period - Goal by Kris Draper - Penguins : 2 - Ducks : 1.
2:29 of 2nd period - Jarkko Ruutu wins face-off versus Andrew Brunette in neutral zone.
2:33 of 2nd period - Bryan Mccabe is hit by Hal Gill and loses puck.
2:44 of 2nd period - Icing by Bryan Mccabe.
2:45 of 2nd period - Jarkko Ruutu wins face-off versus Henrik Sedin in Penguins zone.
3:03 of 2nd period - Martin Lapointe is hit by Bryan Allen and loses puck.
3:11 of 2nd period - Shot by Henrik Sedin.
3:11 of 2nd period - Shot Misses the Net.
3:13 of 2nd period - Shot by Henrik Sedin.
3:13 of 2nd period - Deflect By Daniel Sedin.
3:13 of 2nd period - Shot Misses the Net.
3:17 of 2nd period - Shot by Daniel Sedin.
3:17 of 2nd period - Shot Blocked by Scott Hannan.
3:19 of 2nd period - Shot by Henrik Sedin.
3:19 of 2nd period - Shot Misses the Net.
3:23 of 2nd period - Shot by Daniel Sedin.
3:23 of 2nd period - Shot Misses the Net.
3:25 of 2nd period - Shot by Mike Fisher.
3:25 of 2nd period - Shot Misses the Net.
3:47 of 2nd period - Shot by Manny Malhotra.
3:47 of 2nd period - Shot Blocked by Scott Hannan.
4:15 of 2nd period - Icing by Dominic Moore.
4:16 of 2nd period - Sidney Crosby wins face-off versus Paul Stastny in Penguins zone.
4:36 of 2nd period - Shot by Andrew Brunette.
4:36 of 2nd period - Shot Misses the Net.
4:38 of 2nd period - Shot by Andrew Brunette.
4:38 of 2nd period - Stopped by Marc-Andre Fleury without a rebound.
4:39 of 2nd period - Henrik Sedin wins face-off versus Kris Draper in Penguins zone.
4:42 of 2nd period - Shot by Daniel Sedin.
4:42 of 2nd period - Stopped by Marc-Andre Fleury without a rebound.
4:43 of 2nd period - Henrik Sedin wins face-off versus Sidney Crosby in Penguins zone.
5:10 of 2nd period - Shot by Sidney Crosby.
5:10 of 2nd period - Shot Blocked by Bryan Allen.
6:31 of 2nd period - Shot by Manny Malhotra.
6:31 of 2nd period - Shot Misses the Net.
6:33 of 2nd period - Shot by Ben Guite.
6:33 of 2nd period - Shot Hit the Post.
6:37 of 2nd period - Shot by Scott Niedermayer.
6:37 of 2nd period - Stopped by Marc-Andre Fleury without a rebound.
6:38 of 2nd period - Henrik Sedin wins face-off versus Jarkko Ruutu in Penguins zone.
7:41 of 2nd period - Manny Malhotra is hit by Bryan Mccabe and loses puck.
8:23 of 2nd period - Icing by Mike Sillinger.
8:24 of 2nd period - Paul Stastny wins face-off versus Sidney Crosby in Ducks zone.
9:10 of 2nd period - Off-side.
9:11 of 2nd period - Kris Draper wins face-off versus Henrik Sedin in neutral zone.
9:40 of 2nd period - Shot by Kris Draper.
9:40 of 2nd period - Shot Blocked by Marek Malik.
9:52 of 2nd period - Shot by Evgeni Malkin.
9:52 of 2nd period - Shot Misses the Net.
10:22 of 2nd period - Chris Pronger is hit by Sidney Crosby and loses puck.
11:30 of 2nd period - Shot by Paul Stastny.
11:30 of 2nd period - Stopped by Marc-Andre Fleury without a rebound.
11:31 of 2nd period - Todd Marchant wins face-off versus Kris Draper in Penguins zone.
11:37 of 2nd period - Off-side.
11:38 of 2nd period - Henrik Sedin wins face-off versus Kris Draper in neutral zone.
11:49 of 2nd period - Shot by Mike Fisher.
11:49 of 2nd period - Deflect By Daniel Sedin.
11:49 of 2nd period - Stopped by Marc-Andre Fleury without a rebound.
11:50 of 2nd period - Jarkko Ruutu wins face-off versus Manny Malhotra in Penguins zone.
11:50 of 2nd period - Jarkko Ruutu is hit by Manny Malhotra.
12:00 of 2nd period - Shot by Dallas Drake.
12:00 of 2nd period - Stopped by Ilya Bryzgalov without a rebound.
12:01 of 2nd period - Kris Draper wins face-off versus Paul Stastny in Ducks zone.
12:15 of 2nd period - Icing by Brooks Orpik.
12:16 of 2nd period - Henrik Sedin wins face-off versus Mark Parrish in Penguins zone.
12:21 of 2nd period - Shot by Daniel Sedin.
12:21 of 2nd period - Shot Misses the Net.
12:23 of 2nd period - Shot by Marek Malik.
12:23 of 2nd period - Shot Misses the Net.
12:25 of 2nd period - Shot by Henrik Sedin.
12:25 of 2nd period - Stopped by Marc-Andre Fleury without a rebound.
12:26 of 2nd period - Evgeni Malkin wins face-off versus Manny Malhotra in Penguins zone.
12:35 of 2nd period - Shot by Evgeni Malkin.
12:35 of 2nd period - Stopped by Ilya Bryzgalov without a rebound.
12:36 of 2nd period - Evgeni Malkin wins face-off versus Henrik Sedin in Ducks zone.
13:20 of 2nd period - Mike Fisher is hit by Scott Hannan and loses puck.
13:41 of 2nd period - Shot by Jarkko Ruutu.
13:41 of 2nd period - Stopped by Ilya Bryzgalov without a rebound.
13:42 of 2nd period - Kris Draper wins face-off versus Paul Stastny in Ducks zone.
13:51 of 2nd period - Shot by Mark Parrish.
13:51 of 2nd period - Stopped by Ilya Bryzgalov without a rebound.
13:52 of 2nd period - Sidney Crosby wins face-off versus Manny Malhotra in Ducks zone.
13:52 of 2nd period - Mark Bell is hit by Scott Niedermayer.
13:55 of 2nd period - Icing by Scott Niedermayer.
13:56 of 2nd period - Ben Guite wins face-off versus Sidney Crosby in Ducks zone.
13:56 of 2nd period - Ben Guite is hit by Dominic Moore.
14:08 of 2nd period - Sidney Crosby is hit by Ben Guite and loses puck.
14:45 of 2nd period - Minor Penalty to Jarkko Ruutu for Slashing.
14:46 of 2nd period - Kris Draper wins face-off versus Paul Stastny in Ducks zone.
16:04 of 2nd period - Shot by Scott Niedermayer.
16:04 of 2nd period - Stopped by Marc-Andre Fleury without a rebound.
16:05 of 2nd period - Henrik Sedin wins face-off versus Kris Draper in Penguins zone.
17:06 of 2nd period - Shot by Paul Stastny.
17:06 of 2nd period - Shot Blocked by Brooks Orpik.
17:10 of 2nd period - Shot by Paul Stastny.
17:10 of 2nd period - Stopped by Marc-Andre Fleury with a rebound.
18:00 of 2nd period - Shot by Henrik Sedin.
18:00 of 2nd period - Stopped by Marc-Andre Fleury with a rebound.
18:02 of 2nd period - Shot by Bryan Allen.
18:02 of 2nd period - Shot Misses the Net.
18:04 of 2nd period - Shot by Mike Fisher.
18:04 of 2nd period - Shot Misses the Net.
18:06 of 2nd period - Shot by Marek Malik.
18:06 of 2nd period - Shot Blocked by Bryan Mccabe.
18:38 of 2nd period - Shot by Dominic Moore.
18:38 of 2nd period - Shot Misses the Net.
18:51 of 2nd period - Evgeni Malkin is hit by Hal Gill and loses puck.
19:07 of 2nd period - Minor Penalty to Todd Marchant for Holding.
19:08 of 2nd period - Paul Stastny wins face-off versus Evgeni Malkin in neutral zone.

Period #3

0:01 of 3rd period - Evgeni Malkin wins face-off versus Henrik Sedin in neutral zone.
0:26 of 3rd period - Shot by Evgeni Malkin.
0:26 of 3rd period - Shot Misses the Net.
0:33 of 3rd period - Icing by Evgeni Malkin.
0:34 of 3rd period - Henrik Sedin wins face-off versus Evgeni Malkin in Penguins zone.
0:36 of 3rd period - Minor Penalty to Scott Hannan for High sticking.
0:37 of 3rd period - Henrik Sedin wins face-off versus Sidney Crosby in Penguins zone.
0:37 of 3rd period - Henrik Sedin is hit by Josef Melichar.
0:45 of 3rd period - Shot by Daniel Sedin.
0:45 of 3rd period - Stopped by Marc-Andre Fleury without a rebound.
0:46 of 3rd period - Paul Stastny wins face-off versus Sidney Crosby in Penguins zone.
0:59 of 3rd period - Shot by Sidney Crosby.
0:59 of 3rd period - Shot Blocked by Paul Stastny.
1:38 of 3rd period - Jarkko Ruutu is hit by Mike Fisher and loses puck.
1:43 of 3rd period - Shot by Scott Niedermayer.
1:43 of 3rd period - Shot Misses the Net.
1:47 of 3rd period - Shot by Daniel Sedin.
1:47 of 3rd period - Shot Misses the Net.
1:49 of 3rd period - Shot by Daniel Sedin.
1:49 of 3rd period - Stopped by Marc-Andre Fleury without a rebound.
1:50 of 3rd period - Rob Niedermayer wins face-off versus Dominic Moore in Penguins zone.
2:31 of 3rd period - Shot by Francois Beauchemin.
2:31 of 3rd period - Shot Misses the Net.
2:56 of 3rd period - Martin Lapointe is hit by Chris Pronger and loses puck.
3:03 of 3rd period - Shot by Bryan Mccabe.
3:03 of 3rd period - Shot Misses the Net.
3:07 of 3rd period - Shot by Bryan Mccabe.
3:07 of 3rd period - Stopped by Ilya Bryzgalov without a rebound.
3:08 of 3rd period - Henrik Sedin wins face-off versus Kris Draper in Ducks zone.
3:28 of 3rd period - Shot by Evgeni Malkin.
3:28 of 3rd period - Shot Misses the Net.
3:29 of 3rd period - Minor Penalty to Bryan Allen for Cross-checking.
3:30 of 3rd period - Sidney Crosby wins face-off versus Todd Marchant in Ducks zone.
3:49 of 3rd period - Shot by Sidney Crosby.
3:49 of 3rd period - Stopped by Ilya Bryzgalov without a rebound.
3:50 of 3rd period - Manny Malhotra wins face-off versus Evgeni Malkin in Ducks zone.
4:03 of 3rd period - Shot by Bryan Mccabe.
4:03 of 3rd period - Stopped by Ilya Bryzgalov with a rebound.
4:10 of 3rd period - Icing by Taylor Pyatt.
4:11 of 3rd period - Evgeni Malkin wins face-off versus Richard Park in Penguins zone.
5:50 of 3rd period - Icing by Evgeni Malkin.
5:51 of 3rd period - Manny Malhotra wins face-off versus Dominic Moore in Penguins zone.
5:55 of 3rd period - Icing by Dominic Moore.
5:56 of 3rd period - Paul Stastny wins face-off versus Evgeni Malkin in Penguins zone.
6:01 of 3rd period - Shot by Mike Sillinger.
6:01 of 3rd period - Shot Misses the Net.
6:05 of 3rd period - Shot by Paul Stastny.
6:05 of 3rd period - Shot Misses the Net.
6:09 of 3rd period - Shot by Paul Stastny.
6:09 of 3rd period - Stopped by Marc-Andre Fleury without a rebound.
6:10 of 3rd period - Henrik Sedin wins face-off versus Jarkko Ruutu in Penguins zone.
6:55 of 3rd period - Shot by Daniel Sedin.
6:55 of 3rd period - Stopped by Marc-Andre Fleury without a rebound.
6:56 of 3rd period - Sidney Crosby wins face-off versus Manny Malhotra in Penguins zone.
6:56 of 3rd period - Sidney Crosby is hit by Ben Guite.
7:06 of 3rd period - Shot by Scott Niedermayer.
7:06 of 3rd period - Shot Blocked by Josef Melichar.
7:08 of 3rd period - Shot by Dean Mcammond.
7:08 of 3rd period - Deflect By Manny Malhotra.
7:08 of 3rd period - Shot Misses the Net.
7:20 of 3rd period - Shot by Manny Malhotra.
7:20 of 3rd period - Stopped by Marc-Andre Fleury without a rebound.
7:21 of 3rd period - Paul Stastny wins face-off versus Kris Draper in Penguins zone.
7:28 of 3rd period - Shot by Andrew Brunette.
7:28 of 3rd period - Stopped by Marc-Andre Fleury without a rebound.
7:29 of 3rd period - Kris Draper wins face-off versus Paul Stastny in Penguins zone.
7:29 of 3rd period - Kris Draper is hit by Mike Sillinger.
7:53 of 3rd period - Shot by Evgeni Malkin.
7:53 of 3rd period - Stopped by Ilya Bryzgalov without a rebound.
7:54 of 3rd period - Sidney Crosby wins face-off versus Manny Malhotra in Ducks zone.
7:54 of 3rd period - Sidney Crosby is hit by Scott Niedermayer.
8:04 of 3rd period - Shot by Dean Mcammond.
8:04 of 3rd period - Shot Misses the Net.
8:06 of 3rd period - Shot by Manny Malhotra.
8:06 of 3rd period - Shot Blocked by Josef Melichar.
8:17 of 3rd period - Minor Penalty to Glen Wesley for Holding.
8:18 of 3rd period - Jarkko Ruutu wins face-off versus Paul Stastny in Penguins zone.
8:18 of 3rd period - Jarkko Ruutu is hit by Paul Stastny.
8:59 of 3rd period - Shot by Andrew Brunette.
8:59 of 3rd period - Stopped by Marc-Andre Fleury without a rebound.
9:00 of 3rd period - Sidney Crosby wins face-off versus Henrik Sedin in Penguins zone.
9:39 of 3rd period - Shot by Scott Niedermayer.
9:39 of 3rd period - Shot Misses the Net.
10:05 of 3rd period - Shot by Andrew Brunette.
10:05 of 3rd period - Shot Misses the Net.
10:28 of 3rd period - Kris Draper is hit by Scott Niedermayer and loses puck.
12:39 of 3rd period - Shot by Mark Parrish.
12:39 of 3rd period - Shot Misses the Net.
13:02 of 3rd period - Mark Parrish is hit by Mike Sillinger and loses puck.
13:16 of 3rd period - Mike Sillinger is hit by Brooks Orpik and loses puck.
13:19 of 3rd period - Shot by Andrew Brunette.
13:19 of 3rd period - Shot Blocked by Jarkko Ruutu.
13:21 of 3rd period - Shot by Francois Beauchemin.
13:21 of 3rd period - Stopped by Marc-Andre Fleury without a rebound.
13:22 of 3rd period - Sidney Crosby wins face-off versus Manny Malhotra in Penguins zone.
13:55 of 3rd period - Shot by Mark Bell.
13:55 of 3rd period - Stopped by Ilya Bryzgalov with a rebound.
13:57 of 3rd period - Shot by Sidney Crosby.
13:57 of 3rd period - Goal by Sidney Crosby - Penguins : 3 - Ducks : 1.
13:58 of 3rd period - Todd Marchant wins face-off versus Evgeni Malkin in neutral zone.
13:58 of 3rd period - Todd Marchant is hit by Taylor Pyatt.
14:05 of 3rd period - Todd Marchant is hit by Bryan Mccabe and loses puck.
14:21 of 3rd period - Todd Marchant is hit by Bryan Mccabe and loses puck.
14:22 of 3rd period - Minor Penalty to Bryan Mccabe for Slashing.
14:23 of 3rd period - Dominic Moore wins face-off versus Paul Stastny in Penguins zone.
14:48 of 3rd period - Shot by Bryan Allen.
14:48 of 3rd period - Shot Misses the Net.
16:05 of 3rd period - Shot by Paul Stastny.
16:05 of 3rd period - Shot Misses the Net.
16:12 of 3rd period - Icing by Ben Guite.
16:13 of 3rd period - Paul Stastny wins face-off versus Jarkko Ruutu in Ducks zone.
16:48 of 3rd period - Icing by Bryan Mccabe.
16:49 of 3rd period - Dean Mcammond wins face-off versus Kris Draper in Penguins zone.
16:55 of 3rd period - Icing by Bryan Mccabe.
16:56 of 3rd period - Kris Draper wins face-off versus Andrew Brunette in Penguins zone.
17:31 of 3rd period - Shot by Sidney Crosby.
17:31 of 3rd period - Shot Misses the Net.
17:33 of 3rd period - Shot by Sidney Crosby.
17:33 of 3rd period - Shot Misses the Net.
17:35 of 3rd period - Shot by Sidney Crosby.
17:35 of 3rd period - Stopped by Ilya Bryzgalov without a rebound.
17:36 of 3rd period - Evgeni Malkin wins face-off versus Manny Malhotra in Ducks zone.
17:53 of 3rd period - Shot by Evgeni Malkin.
17:53 of 3rd period - Stopped by Ilya Bryzgalov with a rebound.
17:56 of 3rd period - Icing by Manny Malhotra.
17:57 of 3rd period - Manny Malhotra wins face-off versus Kris Draper in Ducks zone.
17:57 of 3rd period - Manny Malhotra is hit by Sidney Crosby.
18:07 of 3rd period - Shot by Dean Mcammond.
18:07 of 3rd period - Shot Hit the Post.
18:38 of 3rd period - Icing by Bryan Allen.
18:39 of 3rd period - Henrik Sedin wins face-off versus Evgeni Malkin in Ducks zone.
18:48 of 3rd period - Shot by Daniel Sedin.
18:48 of 3rd period - Shot Misses the Net.
19:06 of 3rd period - Shot by Mike Fisher.
19:06 of 3rd period - Shot Blocked by Bryan Mccabe.
19:08 of 3rd period - Shot by Daniel Sedin.
19:08 of 3rd period - Shot Blocked by Scott Hannan.
19:21 of 3rd period - Icing by Scott Hannan.
19:22 of 3rd period - Paul Stastny wins face-off versus Evgeni Malkin in Penguins zone.
19:51 of 3rd period - Shot by Paul Stastny.
19:51 of 3rd period - Shot Misses the Net.
19:53 of 3rd period - Shot by Mike Sillinger.
19:53 of 3rd period - Deflect By Andrew Brunette.
19:53 of 3rd period - Shot Misses the Net.


Output by the SimonT Hockey Simulator (STHS) for Stephane Roy -- Original Page W3C XHTML 1.0 Valid